 Dungeon Crawl Stone Soup version bcrawl-1.38.1 (webtiles) character file.

Game seed: 16353422830263564753

120982 Alturiack the Charmwright (level 2, 0/23 HPs)
             Began as a Barachi Skald on Apr 9, 2023.
             Slain by a jackal (3 damage)
             ... on level 1 of the Dungeon.
             The game lasted 00:02:40 (330 turns).

Alturiack the Charmwright (Barachi Skald)            Turns: 330, Time: 00:02:40

Health: 0/23       AC:  3    Str: 12    XL:     2   Next: 54%
Magic:  3/5        EV: 12    Int: 13    God:
Gold:   0          SH:  0    Dex: 11    Spells: 4/5 levels left

rFire    . . .     GDR:     25% a - +0 long sword
rCold    . . .     SeeInvis .   (no shield)
rNeg     . . .     Gourm    .   b - +0 leather armour
rPois    .         Faith    .   (no helmet)
rElec    .         Spirit   .   (no cloak)
rCorr    .         Reflect  .   (no gloves)
MR       .....                  (no boots)
Stlth    +.........             d - amulet of magic regeneration
HPRegen  0.13/turn              (no ring)
MPRegen  0.15/turn              (no ring)

@: infused, slow
A: +LOS, swims, slowness 1, strong legs 1
a: Hop


You were on level 1 of the Dungeon.
You were not hungry.

You visited 1 branch of the dungeon, and saw 1 of its levels.

Inventory:

Hand Weapons
 a - a +0 long sword (weapon)
Armour
 b - a +0 leather armour (worn)
 c - a +0 robe
Jewellery
 d - an amulet of magic regeneration (around neck)
Scrolls
 f - a scroll of fear
 g - a scroll of teleportation {unknown}
 h - a scroll of enchant weapon {unknown}
 i - 2 scrolls of remove curse {unknown}
Potions
 j - a potion of mutation {unknown}
Comestibles
 e - 2 rations {!d}


   Skills:
 - Level 2.4 Fighting
 * Level 2.8 Long Blades
 * Level 1.9 Armour
 - Level 2.1 Dodging
 * Level 2.4 Spellcasting
 * Level 3.5 Charms


You had 4 spell levels left.
You knew the following spells:

 Your Spells              Type           Power        Failure   Level  Hunger
a - Infusion              Chrm           ##......     8%          1    None

Your spell library contained the following spells:

 Spells                   Type           Power        Failure   Level  Hunger
 Song of Slaying          Chrm           ##......     11%         2    ##.....
 Swiftness                Chrm/Air       #.......     22%         2    ##.....
 Ozocubu's Armour         Chrm/Ice       #.......     41%         3    ####...
 Regeneration             Chrm/Necr      #.........   41%         3    ####...
 Spectral Weapon          Hex/Chrm       #.......     41%         3    ####...


Dungeon Overview and Level Annotations

Branches:
Dungeon (1/12)

Altars:


Innate Abilities, Weirdness & Mutations

You can see and be seen from farther away.
You can swim through water.
You cover ground slowly.
You can hop short distances.


Message History

The jackal closely misses you. The ball python bites you.
The ball python constricts you. The jackal barely misses you.
The jackal bites you but does no damage.
You hit the jackal.
You kill the jackal!
The jackal bites you but does no damage.
The ball python barely misses you. The ball python constricts you.
The jackal bites you.
* * * LOW HITPOINT WARNING * * *
The ball python bites you.
* * * LOW HITPOINT WARNING * * *
x2 The ball python constricts you.
You escape the ball python's grasp.
The ball python barely misses you. The ball python closely misses you.
You see here a jackal corpse.
You barely miss the jackal. The jackal barely misses you.
The jackal closely misses you. The ball python closely misses you.
The ball python misses you.
You closely miss the jackal. The jackal bites you.
You die...

###### #....# #####
#....# #.#.# #....# #...#
#####.....
#...###......... ..#.
###...##..##......
#....!##@.....†..........
#....Sh......#####...†#
#!........#.##.# #....#
..#.........##.########.#
#...............#####.#
..............##........
.........................
.........................
######........#......##..


You could see a jackal and a ball python.

Vanquished Creatures
  3 bats (D:1)
  2 giant cockroaches (D:1)
  A goblin (D:1)
  2 jackals (D:1)
  2 kobolds (D:1)
  4 frilled lizards (D:1)
  A rat (D:1)
15 creatures vanquished.

Notes
Turn   | Place    | Note
-------+----------+-------------------------------------------
     0 | D:1      | Alturiack the Barachi Skald began the quest for the Orb.
     0 | D:1      | Reached XP level 1. HP: 17/17 MP: 3/3
   136 | D:1      | Reached XP level 2. HP: 23/23 MP: 5/5
   330 | D:1      | Slain by a jackal

Action                   || total
-------------------------++-------
Melee: Long sword        ||    51
 Cast: Infusion          ||     1
Armor: Leather armour    ||    41
Dodge: Dodged            ||    83
